 Dungeon Crawl Stone Soup version 0.19.4-10-g532645f (webtiles) character file.

120 Magnus the Skirmisher (level 4, 0/38 HPs)
             Began as a Demonspawn Abyssal Knight on Feb 24, 2017.
             Was a Believer of Lugonu.
             Killed by divine providence
             ... invoked by an orc priest
              (11 damage)
             ... on level 3 of the Dungeon.
             The game lasted 00:05:26 (2589 turns).

Magnus the Skirmisher (Demonspawn Abyssal Knight)   Turns: 2589, Time: 00:05:26

Health: 0/38       AC:  5    Str: 13    XL:     4   Next: 75%
Magic:  5/5        EV: 11    Int: 13    God:    Lugonu [**....]
Gold:   214        SH:  2    Dex: 13    Spells: 0 memorised, 3 levels left

rFire  + . .     SeeInvis .     a - +1 falchion
rCold  . . .     Gourm    .     b - +0 leather armour
rNeg   . . .     Faith    .     (no shield)
rPois  .         Spirit   .     n - +1 helmet
rElec  .         Reflect  +     (no cloak)
rCorr  .         Harm     .     (no gloves)
MR     .....                    (no boots)
Stlth  +.........               g - +2 amulet of reflection
                                (no ring)
                                (no ring)

@: no status effects
A: demonic guardian 1, fire resistance 1
a: Depart the Abyss, Bend Space, Renounce Religion


You were on level 3 of the Dungeon.
You worshipped Lugonu.
Lugonu was pleased with you.
You were hungry.

You visited 1 branch of the dungeon, and saw 3 of its levels.
You visited the Abyss 1 time.

You collected 214 gold pieces.

Inventory:

Hand Weapons
 a - a +1 falchion (weapon)
Armour
 b - a +0 leather armour (worn)
 n - a +1 helmet (worn)
Jewellery
 g - a +2 amulet of reflection (around neck)
Scrolls
 e - a scroll of enchant armour
 f - a scroll of amnesia
 h - a scroll of fog {unknown}
 l - a scroll of teleportation
Potions
 d - a potion of degeneration {unknown}
 j - 2 potions of agility {unknown}
 o - a potion of mutation {unknown}
Comestibles
 c - 5 bread rations
 i - a royal jelly
 k - 3 fruits
 m - a slice of pizza


   Skills:
 + Level 4.5 Fighting
 + Level 3.3 Long Blades
 - Level 1.7 Armour
 - Level 0.8 Dodging
 - Level 2.4 Invocations


You had 3 spell levels left.
You didn't know any spells.

Dungeon Overview and Level Annotations

Branches:
Dungeon (3/15)

Altars:


Innate Abilities, Weirdness & Mutations

A weak demonic guardian rushes to your aid.
Your flesh is heat resistant. (rF+)


Message History

You are too injured to fight recklessly!
You are too injured to fight recklessly!
You are too injured to fight recklessly!
You barely miss the orc priest.
The orc priest is lightly wounded.
The orc priest hits you with a flail.
* * * LOW HITPOINT WARNING * * *
An orc comes into view.
The orc shouts!
You hit the orc priest.
The orc priest is moderately wounded.
You hear an angry hiss.
You hear a shout!
The orc priest hits you but does no damage.
You barely miss the orc priest.
The orc priest is moderately wounded.
You hit the orc priest.
The orc priest is heavily wounded.
The orc priest mumbles some strange prayers to Beogh against you.
Beogh smites you!
You die...

#o..#..# #...#..#
###...#S.# .........#
#####.#.#####..#
...#.#.........
#.#.#.######..
####### #oo..........
......# #@##########.
.####.# #5#
.####.##########.#
...............#.#
.####.########.#.#.#
.# #.# #.#.#.# .# #.#
#.#.#.###### .#
#.########.#.#.#....#
.#
#.##.....#.#.#.#.##.#


You could see an orc priest, an orc and a friendly iron imp.

Vanquished Creatures
  4 adders
  2 oozes (D:1)
  2 worms
  3 dart slugs (D:2)
  A leopard gecko (D:3)
  4 orcs (D:3)
  A ball python (D:2)
  6 bats
  2 giant cockroaches (D:1)
  5 goblins
  8 hobgoblins
  4 jackals
  6 kobolds
  A quokka (D:2)
  A frilled lizard (D:1)
  7 rats
57 creatures vanquished.

Notes
Turn   | Place    | Note
-------+----------+-------------------------------------------
     0 | Abyss:1  | Magnus the Demonspawn Abyssal Knight began the quest for the Orb.
     0 | Abyss:1  | Reached XP level 1. HP: 18/18 MP: 2/2
    53 | D:1      | Escaped the Abyss
    89 | D:1      | Gained mutation: A weak demonic guardian rushes to your aid. [demonic ancestry]
    89 | D:1      | Reached XP level 2. HP: 23/24 MP: 3/3
   643 | D:1      | Reached ** piety under Lugonu
   643 | D:1      | Gained mutation: Your flesh is heat resistant. (rF+) [demonic ancestry]
   643 | D:1      | Reached XP level 3. HP: 29/29 MP: 4/4
  1028 | D:2      | Reached skill level 4 in Fighting
  1485 | D:2      | Reached XP level 4. HP: 32/37 MP: 5/5
  2589 | D:3      | Killed from afar by an orc priest

Skill      XL: |  1  2  3  4 |
---------------+-------------+-----
Long Blades    | 2 3 |  3.3
Fighting       | 4 |  4.5
Armour         | |  1.7
Dodging        | |  0.8
Invocations    | |  2.4

Action                   |  1- 3 |  4- 6 || total
-------------------------+-------+-------++-------
Melee: Falchion          |    93 |    86 ||   179
  Use: Scroll            |       |     5 ||     5
  Eat: Chunk             |     2 |     3 ||     5
Armor: Leather armour    |    29 |    22 ||    51
Dodge: Dodged            |    81 |    51 ||   132
Block: Other             |       |     1 ||     1
       Rpst.: Falchion   |    30 |    15 ||    45
